 Dungeon Crawl Stone Soup version 0.28.0-53-g5a82cb258f (webtiles) character file.

Game seed: 2886562367548164736

836 Plasmagod the Twirler (level 8, 0/62 HPs)
             Began as a Formicid Fighter on July 25, 2022.
             Was a Follower of Okawaru.
             Slain by a two-headed ogre
             ... wielding a +0 giant club
              (23 damage)
             ... on level 4 of the Dungeon.
             The game lasted 00:11:38 (5538 turns).

Plasmagod the Twirler (Formicid Fighter)            Turns: 5538, Time: 00:11:39

Health: 0/62       AC: 13    Str: 23    XL:     8   Next: 19%
Magic:  8/8        EV:  6    Int:  8    God:    Okawaru [*.....]
Gold:   200        SH:  5    Dex: 10    Spells: 7/7 levels left

rFire   . . .      SeeInvis +   y - +2 quarterstaff (chaos)
rCold   . . .      Faith    .   c - +0 buckler
rNeg    . . .      Spirit   .   q - +0 plate armour
rPois   .          Reflect  .   (helmet unavailable)
rElec   .          Harm     .   z - +0 cloak
rCorr   .          Rampage  .   (no gloves)
Will    .....                   (no boots)
Stlth   ..........              (no amulet)
HPRegen 0.20/turn               (no ring)
MPRegen 0.11/turn               (no ring)

@: no status effects
A: permanent stasis, dig shafts and tunnels, antennae 3, four strong arms
a: Dig, Shaft Self, Renounce Religion, Heroism


You were on level 4 of the Dungeon.
You worshipped Okawaru.
Okawaru was aware of your devotion.
You visited 1 branch of the dungeon, and saw 4 of its levels.

You collected 200 gold pieces.

Inventory:

Hand Weapons
 k - the +0 dagger "Iliesk" {flame, rPois Dex+2}
   (You found it on level 2 of the Dungeon)

   It burns those it strikes, dealing additional fire damage.
   Dex:       It affects your dexterity (+2).
   rPois:     It protects you from poison.
 y - a +2 quarterstaff of chaos (weapon)
Missiles
 f - 5 javelins (quivered)
Armour
 c - a +0 buckler (worn)
 q - a +0 plate armour (worn)
 z - a +0 cloak (worn)
Jewellery
 r - a ring of positive energy
Wands
 v - a wand of polymorph (7)
Scrolls
 b - a scroll of identify {unknown}
 e - 5 scrolls of teleportation {unknown}
 g - a scroll of noise {unknown}
 h - 4 scrolls of vulnerability {unknown}
 m - a scroll of enchant weapon {unknown}
 o - 3 scrolls of fear {unknown}
 p - a scroll of blinking {unknown}
 t - a scroll of brand weapon {unknown}
 A - a scroll of torment {unknown}
Potions
 a - a potion of curing {unknown}
 d - a potion of might
 i - a potion of mutation {unknown}
 j - a potion of haste {unknown}
 l - a potion of attraction {unknown}
 n - a potion of resistance {unknown}
 s - a potion of invisibility {unknown}
 u - a potion of experience {unknown}
 w - a potion of heal wounds {unknown}
 x - a potion of degeneration {unknown}


   Skills:
 + Level 5.2 Fighting
 + Level 1.0 Short Blades
 + Level 6.0 Staves
 + Level 5.2 Armour
 + Level 1.4 Dodging
 + Level 0.5 Stealth
 + Level 4.9 Shields
 + Level 0.1 Invocations


You had 7 spell levels left.
You didn't know any spells.
Your spell library contained the following spells:

 Spells                   Type           Power      Damage    Failure   Level
 Foxfire                  Conj/Fire      0%         2x1d4     100%        1
 Conjure Flame            Conj/Fire      0%         6-21      100%        3
 Inner Flame              Hex/Fire       0%         N/A       100%        3
 Flame Wave               Conj/Fire      0%         2d4       100%        4


Dungeon Overview and Level Annotations

Branches:
Dungeon (4/15)
 Temple: D:4-7

Altars:
Okawaru
Qazlal
Vehumet


Innate Abilities, Weirdness & Mutations

You cannot be hasted, slowed, berserked, paralysed or teleported.
You can dig through walls and to a lower floor.
You have a pair of large antennae on your head. (SInv)
Your four strong arms can wield two-handed weapons with a shield.


Message History

Okawaru accepts your kill.
Your Staves skill increases to level 6!
No target in view!
Found a dagger.
You see here an adder corpse.
e - 5 scrolls labelled YKHISTR PAPLEU (gained 1)
Found a stone staircase leading down.
A - a scroll labelled VAUGYC AQEYHI You sense a monster nearby.
There is a shaft here.
A two-headed ogre comes into view.
It is wielding a +0 giant club and a +0 dire flail.
The two-headed ogre shouts in stereo!
You barely miss the two-headed ogre.
The two-headed ogre hits you but does no damage.
You block the two-headed ogre's attack.
You hit the two-headed ogre.
The two-headed ogre is poisoned.
The two-headed ogre is lightly wounded.
You barely miss the two-headed ogre.
The two-headed ogre is lightly wounded.
The two-headed ogre hits you with a +0 giant club!!
The two-headed ogre barely misses you.
You sock the two-headed ogre! You burn the two-headed ogre.
The two-headed ogre is moderately wounded.
The two-headed ogre hits you with a +0 giant club!!
The two-headed ogre hits you with a +0 dire flail.
* * * LOW HITPOINT WARNING * * *
There is a stone staircase leading down here.
The two-headed ogre looks more healthy.
You see here 20 arrows.
There is a stone staircase leading up here.
Okay, then.
You hit the two-headed ogre.
The two-headed ogre is heavily wounded.
The two-headed ogre barely misses you.
The two-headed ogre hits you but does no damage.
You see here 19 stones.
You barely miss the two-headed ogre.
The two-headed ogre is moderately wounded.
The two-headed ogre hits you with a +0 giant club!!
You die...

#.###.#######.........
####.###...........###### #
#........#########....### #
####.##..# ####.... # #.##.##
##### # #.##.# # ##.##.# ..
###########...#.######....
.##............O@..........#
.##.####.##...####.###.....#
....# ##.###(## #.# ....#
.#..###......#####†#####.#.###
...........####..........)...#
.#.........## #.##.##.##.#.#.#
...####.##..###.##.##.##.#.#.####
.######.##.#.##.##.##.##.#.#..^..
.........##<###.##........>......


You could see a two-headed ogre.

Vanquished Creatures
  A black bear (D:3)
  An ogre (D:3)
  2 scorpions (D:4)
  A howler monkey (D:4)
  Crazy Yiuf (D:2)
  3 hounds (D:4)
  2 orc priests
  Natasha (thrice) (D:2)
  Robin (D:2)
  7 adders
  3 worms
  3 dart slugs
  15 orcs
  9 ball pythons
  6 bats
  10 endoplasms
  4 giant cockroaches
  22 goblins
  16 hobgoblins
  9 jackals
  7 quokkas
  6 frilled lizards
  8 kobolds
  7 rats
147 creatures vanquished.

Vanquished Creatures (others)
  A plant (D:1)
1 creature vanquished.

Grand Total: 148 creatures vanquished

Notes
Turn   | Place    | Note
-------+----------+-------------------------------------------
     0 | D:1      | Plasmagod the Formicid Fighter began the quest for the Orb.
     0 | D:1      | Reached XP level 1. HP: 18/18 MP: 1/1
   203 | D:1      | Reached XP level 2. HP: 21/24 MP: 2/2
   438 | D:1      | Reached XP level 3. HP: 22/29 MP: 3/3
  1421 | D:1      | Reached XP level 4. HP: 25/37 MP: 4/4
  1763 | D:2      | Noticed Natasha
  1769 | D:2      | Killed Natasha
  1770 | D:2      | Reached skill level 3 in Staves
  1887 | D:2      | Reached XP level 5. HP: 42/42 MP: 5/5
  1890 | D:2      | Identified the +0 dagger "Iliesk" {flame, rPois Dex+2}
  1905 | D:2      | Found a stormy altar of Qazlal.
  1912 | D:2      | Noticed Natasha
  1923 | D:2      | Reached skill level 1 in Dodging
  1935 | D:2      | You fall into a shaft and drop 2 floors!
  1935 | D:4      | Found an iron altar of Okawaru.
  2164 | D:4      | Became a worshipper of Warmaster Okawaru
  2188 | D:4      | Found a radiant altar of Vehumet.
  2466 | D:4      | Reached XP level 6. HP: 29/48 MP: 6/6
  2594 | D:4      | Reached skill level 4 in Staves
  2604 | D:3      | Noticed an ogre
  2626 | D:3      | Killed an ogre
  2626 | D:3      | Reached * piety under Okawaru
  2627 | D:3      | Reached XP level 7. HP: 36/55 MP: 7/7
  3179 | D:3      | Found a faded altar of an unknown god.
  3394 | D:3      | Reached skill level 5 in Staves
  3788 | D:2      | Killed Natasha
  3789 | D:2      | Reached skill level 5 in Armour
  4063 | D:2      | Noticed Natasha
  4070 | D:2      | Killed Natasha
  4088 | D:2      | Noticed Robin
  4107 | D:2      | Killed Robin
  4486 | D:2      | Found a runed translucent door.
  4487 | D:2      | Noticed Crazy Yiuf
  4700 | D:2      | Killed Crazy Yiuf
  4701 | D:2      | Reached XP level 8. HP: 13/61 MP: 5/8
  5087 | D:4      | Reached skill level 5 in Fighting
  5087 | D:4      | Reached skill level 1 in Short Blades
  5458 | D:4      | Reached skill level 6 in Staves
  5491 | D:4      | Noticed a two-headed ogre
  5538 | D:4      | Slain by a two-headed ogre

Illustrated notes

Levels and vault maps discovered:
D:1:      onia_arrival_mini_maze_b, layout_basic, serial_bayou_pond_b
D:2:      layout_basic, basic_altar, uniq_robin, uniq_natasha,
          uniq_crazy_yiuf_cottage
D:3:      cheibrodos_greedy_goblins, layout_basic,
          hellmonk_ecumenical_altar_leap_of_faith, grunt_ministairs_2,
          minmay_bisected
D:4:      layout_loops_ring, mainiacjoe_overflow_large_starburst,
          kennysheep_vampire_church

Skill      XL: |  1  2  3  4  5  6  7  8 |
---------------+-------------------------+-----
Shields        | 4 |  4.9
Staves         | 3 4 5 6 |  6.0
Armour         | 4 5 |  5.2
Dodging        | 1 |  1.4
Fighting       | 4 5 |  5.2
Short Blades   | 1 |  1.0
Stealth        | |  0.5
Invocations    | |  0.1

Action                   |  1- 3 |  4- 6 |  7- 9 || total
-------------------------+-------+-------+-------++-------
Melee: Quarterstaff      |   126 |    73 |   224 ||   423
       Dagger            |       |    58 |    46 ||   104
Invok: Heroism           |       |       |     1 ||     1
 Abil: Shaft Self        |       |     1 |       ||     1
       Dig               |       |       |     1 ||     1
Armor: Scale mail        |    61 |    36 |    11 ||   108
       Plate armour      |       |       |   149 ||   149
Dodge: Dodged            |    71 |    54 |    86 ||   211
Block: Buckler           |    27 |    31 |    58 ||   116
